 Dungeon Crawl Stone Soup version 0.29.1-15-g9cfb28693d (webtiles) character file.

Game seed: 2750642851558196809

137 protoss039 the Digger (level 5, 24/39 HPs)
             Began as a Demonspawn Earth Elementalist on Mar 12, 2023.
             Got out of the dungeon alive.
             The game lasted 00:02:40 (2180 turns).

protoss039 the Digger (DsEE)                        Turns: 2180, Time: 00:02:40

Health: 24/39      AC:  4    Str:  8    XL:     5   Next: 0%
Magic:  9/9        EV: 11    Int: 18    God:
Gold:   127        SH:  0    Dex: 14    Spells: 4/10 levels left

rFire   . . .      SeeInvis .   a - +2 dagger (freeze)
rCold   . . .      Faith    .   (no shield)
rNeg    . . .      Spirit   +   i - +0 leather armour
rPois   .          Reflect  .   (helmet restricted)
rElec   .          Harm     .   (no cloak)
rCorr   .          Rampage  .   n - +0 pair of gloves
Will    .....                   (no boots)
Stlth   ++........              (no amulet)
HPRegen 0.13/turn               (no ring)
MPRegen 0.22/turn               (no ring)

@: no status effects
A: antennae 1, hooves 1, magic shield, magic regeneration
a: no special abilities


You escaped.
You visited 1 branch of the dungeon, and saw 3 of its levels.

You collected 127 gold pieces.

Inventory:

Hand Weapons
 a - a +2 dagger of freezing (weapon)
Armour
 i - a +0 leather armour (worn)
 n - a +0 pair of gloves (worn)
Scrolls
 c - 4 scrolls of identify {unknown}
 e - a scroll of vulnerability {unknown}
 f - a scroll of enchant weapon {unknown}
 h - 2 scrolls of summoning {unknown}
 j - 2 scrolls of teleportation {unknown}
 m - a scroll of fear {unknown}
 o - a scroll of blinking {unknown}
Potions
 b - 2 potions of magic
 d - 4 potions of heal wounds {unknown}
 g - a potion of haste {unknown}
 k - 2 potions of curing {unknown}
 l - 2 potions of attraction {unknown}


   Skills:
 + Level 2.3 Fighting
 - Level 1.7 Dodging
 - Level 1.7 Stealth
 + Level 3.1 Spellcasting
 + Level 0.9 Conjurations
 - Level 0.8 Transmutations
 + Level 3.6 Earth Magic


You had 4 spell levels left.
You knew the following spells:

 Your Spells              Type           Power      Damage    Failure   Level
a - Sandblast             Erth           30%        2d9       5%          1
b - Passwall              Tmut/Erth      8%         N/A       14%         2
c - Stone Arrow           Conj/Erth      22%        3d8       28%         3

Your spell library contained the following spells:

 Spells                   Type           Power      Damage    Failure   Level
 Apportation              Tloc           4%         N/A       24%         1
 Necrotise                Necr           8%         1d4       24%         1
 Summon Small Mammal      Summ           8%         N/A       24%         1
 Petrify                  Tmut/Erth      10%        N/A       67%         4


Dungeon Overview and Level Annotations

Branches:
Dungeon (3/15) Zot: 15783

Altars:
Yredelemnul

Shops:
D:2 [   D:3 (


Innate Abilities, Weirdness & Mutations

You have a pair of small antennae on your head.
You have large cloven feet.
When hurt, damage is shared between your health and your magic reserves.
You regenerate magic rapidly.


Message History

Aim: a gnoll, wielding a +0 spear (84% to hit)
The blast of sand hits the gnoll!
The gnoll is severely wounded.
The gnoll hits you from afar with a +0 spear.
Unknown command.
You aren't carrying any items that you can evoke.
Casting: Sandblast (safe; 5% risk of failure)
Confirm with . or Enter, or press ? or * to list all spells.
Aiming: Sandblast (safe; 5% risk of failure)
Press: ? - help, Shift-Dir - straight line, f/p - gnoll
Aim: a gnoll, wielding a +0 spear (severely wounded, 84% to hit)
The blast of sand hits the gnoll!
You kill the gnoll!
Unknown command.
You hit the gnoll. You freeze the gnoll. You kick the gnoll.
The gnoll is heavily wounded.
The gnoll hits you with a +0 flail.
* * * LOW HITPOINT WARNING * * *
You hit the gnoll. You freeze the gnoll. You kick the gnoll.
You kill the gnoll!
You have reached level 5!
Your demonic ancestry asserts itself...
A pair of antennae grows on your head!
Unknown command.
(D) Dungeon
Where to? (Enter - D:2 @ (x,y), ? - help)
What level of the Dungeon? (default 1, ? - help)
There is an open door here.
You see here a +0 quick blade.
There is an open door here.
There is a stone staircase leading up here.
You climb upwards.
There is a stone staircase leading down here.
There is an open door here.
There is a stone staircase leading up here.
You climb upwards.
There is a stone staircase leading down here.
There is a staircase leading out of the dungeon here.
Are you sure you want to leave the Dungeon?
This will make you lose the game!
You have escaped!

##.# #......##........
##(.# ###....########.#
#...## ##..............
###.##.###.##..[####.....
#...###.#.###............
#..## ##.## ##..##.......
#.#.###.#.###.#.##.......
#.##.#.#.#.#.##..........
#.###.#.@.#.######....##.
#.##.#.#.#.#.## ####.##.
#.#.###.#.###.## #.##.
#..## ##.## ##.## #....
#..####.#.####..########.
##...#.###.#........#####
###..## ##..#...........
#### #########......
#.#####.


There were no monsters in sight!

Vanquished Creatures
  4 gnolls (D:3)
  4 adders
  A worm (D:2)
  A dart slug (D:2)
  3 ball pythons
  5 bats
  10 endoplasms
  4 giant cockroaches
  3 goblins
  2 hobgoblins
  6 jackals
  2 kobolds
  A quokka (D:1)
  5 frilled lizards
  4 rats
  A spectral orc (D:3)
56 creatures vanquished.

Notes
Turn   | Place    | Note
-------+----------+-------------------------------------------
     0 | D:1      | protoss039 the Demonspawn Earth Elementalist began the
                  | quest for the Orb.
     0 | D:1      | Reached XP level 1. HP: 13/13 MP: 3/3
   134 | D:1      | Gained mutation: You regenerate magic rapidly. [demonic
                  | ancestry]
   134 | D:1      | Reached XP level 2. HP: 20/20 MP: 3/5
   279 | D:1      | Reached skill level 1 in Fighting
   565 | D:1      | Gained mutation: When hurt, damage is shared between your
                  | health and your magic reserves. [demonic ancestry]
   565 | D:1      | Reached XP level 3. HP: 25/26 MP: 3/6
   887 | D:1      | Learned a level 2 spell: Passwall
  1229 | D:2      | Found Deika's Antique Armour Shop.
  1292 | D:2      | Discovered your monstrous ancestry.
  1292 | D:2      | Gained mutation: You have large cloven feet. [demonic
                  | ancestry]
  1292 | D:2      | Reached XP level 4. HP: 29/33 MP: 3/8
  1734 | D:2      | Learned a level 3 spell: Stone Arrow
  1746 | D:3      | Found a basalt altar of Yredelemnul.
  1804 | D:3      | Found Ucy Ocy's Weapon Boutique.
  2088 | D:3      | Gained mutation: You have a pair of small antennae on your
                  | head. [demonic ancestry]
  2088 | D:3      | Reached XP level 5. HP: 12/39 MP: 1/9
  2180 | D:$      | Got out of the dungeon alive.

Illustrated notes

Levels and vault maps discovered:
D:1:      minmay_arrival_diagonal_passages, layout_basic, nicolae_eternal_life
D:2:      layout_basic, serial_shops, shop
D:3:      layout_basic, lemuel_crystal_altar,
          yredelemnul_forgotten_temple_becter, serial_shops, shop_fountains,
          uniq_robin

Skill      XL: |  1  2  3  4 |
---------------+-------------+-----
Earth Magic    | 3 |  3.6
Fighting       | 1 2 |  2.3
Spellcasting   | 3 |  3.1
Dodging        | |  1.7
Stealth        | |  1.7
Conjurations   | |  0.9
Transmutations | |  0.8

Action                   |  1- 3 |  4- 6 || total
-------------------------+-------+-------++-------
Melee: Club              |    10 |       ||    10
       Unarmed           |     8 |       ||     8
       Dagger            |    16 |    15 ||    31
       Kick              |       |     6 ||     6
 Cast: Sandblast         |    49 |    19 ||    68
 Stab: Sleeping          |     2 |       ||     2
Armor: Robe              |    10 |       ||    10
       Leather armour    |     8 |     5 ||    13
Dodge: Dodged            |    52 |    10 ||    62
